 Dungeon Crawl Stone Soup version 0.20-a0-993-gba41c3c (webtiles) character file.

264 HankScorpio the Skirmisher (level 6, -1/57 HPs)
             Began as a Hill Orc Monk on Apr 11, 2017.
             Was a Believer of Beogh.
             Slain by a scorpion (3 damage)
             ... on level 4 of the Dungeon.
             The game lasted 00:07:53 (5437 turns).

HankScorpio the Skirmisher (Hill Orc Monk)          Turns: 5437, Time: 00:07:53

Health: -1/57      AC:  9    Str: 16    XL:     6   Next: 19%
Magic:  6/6        EV: 11    Int: 10    God:    Beogh [**....]
Gold:   197        SH:  0    Dex: 13    Spells: 5/5 levels left

rFire    . . .     SeeInvis +   b - -2 hand axe (curse)
rCold    . . .     Gourm    .   (no shield)
rNeg     . . .     Faith    .   d - +0 scale mail
rPois    .         Spirit   .   p - +1 helmet {SInv}
rElec    .         Reflect  .   (no cloak)
rCorr    .         Harm     .   (no gloves)
MR       .....                  (no boots)
Stlth    +.........             (no amulet)
Regen    0.2/turn               (no ring)
MPRegen  0.1/turn               (no ring)

@: lethally poisoned (-1 -> -8)
A: no striking features
a: Smiting, Renounce Religion


You were on level 4 of the Dungeon.
You worshipped Beogh.
Beogh was pleased with you.
You were not hungry.

You visited 1 branch of the dungeon, and saw 5 of its levels.

You collected 197 gold pieces.

Inventory:

Hand Weapons
 a - a +0 hunting sling
 b - a cursed -2 hand axe (weapon)
 t - a +0 spear of freezing
Missiles
 f - 36 stones (quivered)
 h - 52 sling bullets
Armour
 d - a +0 scale mail (worn)
 m - a +0 robe
 p - a +1 helmet of see invisible (worn)
Jewellery
 c - a +6 amulet of reflection {unknown}
Wands
 j - a wand of digging (6/24)
Scrolls
 e - 2 scrolls of enchant armour {unknown}
 i - 2 scrolls of identify {unknown}
 l - 2 scrolls of recharging {unknown}
 o - a scroll of fog {unknown}
 s - a scroll of enchant weapon {unknown}
 u - a scroll of remove curse {unknown}
Potions
 g - a potion of invisibility
 k - 2 potions of berserk rage {unknown}
 n - 2 potions of haste {unknown}
Comestibles
 q - a bread ration
 r - 2 royal jellies


   Skills:
 + Level 6.3 Fighting
 * Level 3.1 Axes
 + Level 4.4 Armour
 - Level 3.2 Dodging
 - Level 3.2 Stealth


You had 5 spell levels left.
You didn't know any spells.

Dungeon Overview and Level Annotations

Branches:
Dungeon (5/15)
 Temple: D:4-7

Altars:
Nemelex Xobeh
Uskayaw

Annotations:
D:2 Sigmund


Message History

The scorpion stings you but does no damage.
You closely miss the scorpion.
The scorpion is heavily wounded.
You feel sick. The scorpion stings you.
* * * LOW HITPOINT WARNING * * *
You closely miss the scorpion.
The scorpion is heavily wounded.
The scorpion stings you.
* * * LOW HITPOINT WARNING * * *
You are lethally poisoned!
The scorpion poisons you!
You hit the scorpion but do no damage.
The scorpion is heavily wounded.
* * * LOW HITPOINT WARNING * * *
You feel sick. The scorpion misses you.
You closely miss the scorpion.
The scorpion is heavily wounded.
* * * LOW HITPOINT WARNING * * *
You feel sick. The scorpion stings you.
You die...

#############
.....<......############
######÷.....÷>[s@.......
#.#####.###########
#........#####
#.#####..o...## #.#
##..s...###### #.#
#####.......# #.#
######.####.# #.#
#.........# #.#
#.......#.#


You could see a scorpion.

Vanquished Creatures
  A hound (D:4)
  An orc wizard (D:4)
  12 adders
  3 gnolls
  3 oozes
  An adder skeleton (D:4)
  A dart slug (D:1)
  A leopard gecko (D:4)
  7 orcs (D:4)
  6 bats
  A giant cockroach (D:3)
  8 hobgoblins
  7 jackals
  3 frilled lizards
  5 goblins
  A jackal skeleton (D:4)
  7 kobolds
  5 rats
73 creatures vanquished.

Vanquished Creatures (others)
  An orc priest (D:4)
  An orc wizard (D:4)
  2 orcs (D:4)
  A ball python (D:4)
  A leopard gecko skeleton (D:4)
6 creatures vanquished.

Grand Total: 79 creatures vanquished

Notes
Turn   | Place    | Note
-------+----------+-------------------------------------------
     0 | D:1      | HankScorpio the Hill Orc Monk began the quest for the Orb.
     0 | D:1      | Reached XP level 1. HP: 22/22 MP: 1/1
   199 | D:1      | Reached skill level 5 in Fighting
   660 | D:1      | Reached skill level 1 in Armour
   660 | D:1      | Reached XP level 2. HP: 21/29 MP: 2/2
  1449 | D:2      | Noticed Sigmund
  1704 | D:2      | Reached XP level 3. HP: 31/36 MP: 3/3
  2676 | D:2      | Reached XP level 4. HP: 16/42 MP: 4/4
  3538 | D:3      | Found a hide-covered altar of Uskayaw.
  3543 | D:3      | Reached XP level 5. HP: 36/50 MP: 5/5
  3586 | D:3      | Found a sparkling altar of Nemelex Xobeh.
  3590 | D:3      | Reached skill level 1 in Axes
  4235 | D:4      | Noticed a phantom
  4661 | D:4      | Became a worshipper of Beogh the Brigand
  4661 | D:4      | Reached * piety under Beogh
  4661 | D:4      | Reached ** piety under Beogh
  4664 | D:4      | Found a sparkling altar of Nemelex Xobeh.
  4965 | D:4      | Reached skill level 6 in Fighting
  5154 | D:4      | Reached XP level 6. HP: 54/57 MP: 6/6
  5198 | D:5      | Entered Level 5 of the Dungeon
  5437 | D:4      | HP: 2/57 [poisoned by a scorpion]
  5437 | D:4      | Slain by a scorpion

Vault maps used:
D:1:      nicolae_arrival_memento_mori, minmay_tripent
D:2:      uniq_sigmund
D:3:      old_standard_altar, first_bread, minmay_door_square,
          nemelex_xobeh_ov_fountains_minmay
D:4:      nemelex_dance_club_becter
D:5:      basic_altar

Skill      XL: |  1  2  3  4  5  6 |
---------------+-------------------+-----
Fighting       | 5 6 |  6.3
Armour         | 1 2 3 4 |  4.4
Axes           | 2 3 |  3.1
Dodging        | |  3.2
Stealth        | |  3.2

Action                   |  1- 3 |  4- 6 || total
-------------------------+-------+-------++-------
Melee: Unarmed           |   292 |    55 ||   347
       Hunting sling     |     1 |       ||     1
       Hand axe          |       |   302 ||   302
 Fire: Hunting sling     |    20 |    19 ||    39
Invok: Convert to Beogh  |       |     1 ||     1
  Use: Potion            |       |     1 ||     1
  Eat: Chunk             |     5 |     1 ||     6
       Bread ration      |       |     1 ||     1
       Meat ration       |       |     1 ||     1
Armor: Scale mail        |   121 |   187 ||   308
       Skin              |     6 |       ||     6
Dodge: Dodged            |   163 |   242 ||   405
